Map: Nightshade LE

Players

llllllllllll (Trap) - Winner!

  • Race: Protoss Protoss
  • League: Master
  • Spawn Location: 5:00

INnoVation

  • Race: Terran Terran
  • League: Grandmaster
  • Spawn Location: 11:00

VOD

Have the link to the VOD?

Description

Time

  • Played on: Jan. 16, 2020, 7:14 a.m.
  • Length: 6:38
Show
View Real Time Build Order
Export as new Build Order

llllllllllll Protoss - Winner!

Build Orders: 1 Gate Expand, Blink Stalkers 

Get SALT Encoding   

  12  0:00  Probe  
  13  0:12  Probe  
  14  0:17  Pylon  
  14  0:24  Probe (Chrono Boost)  
  15  0:36  Probe (Chrono Boost)  
  15  0:37  Gateway  
  16  0:44  Probe (Chrono Boost)  
  16  0:48  Assimilator  
  17  0:50  Probe  
  18  1:03  Probe  
  19  1:15  Probe  
  20  1:24  Cybernetics Core  
  20  1:33  Nexus  
  20  1:40  Pylon  
  20  1:42  Probe  
  21  1:48  Assimilator  
  21  1:54  Probe  
  21  1:57  Adept (Chrono Boost)  
  24  2:01  Warp Gate  
  24  2:06  Probe  
  25  2:18  Probe, Adept (Chrono Boost)  
  28  2:30  Probe  
  28  2:32  Twilight Council  
  29  2:39  Adept (Chrono Boost)  
  31  2:44  Probe  
  31  2:45  Probe  
  33  2:56  Probe  
  33  2:57  Probe  
  34  3:03  Stalker  
  36  3:09  Probe x2  
  36  3:11  Blink (Chrono Boost)  
  38  3:21  Probe x2  
  40  3:33  Probe x2  
  42  3:36  Robotics Facility  
  42  3:39  Gateway  
  40  3:45  Probe x2  
  38  3:56  Pylon  
  38  3:57  Probe, Gateway, Stalker  
  38  3:58  Probe  
  42  4:09  Probe  
  43  4:10  Probe  
  43  4:11  Assimilator  
  44  4:17  Nexus  
  44  4:21  Probe  
  44  4:22  Probe  
  46  4:25  Warp Prism (Chrono Boost)  
  48  4:37  Stalker x2  
  52  4:42  Pylon  
  52  4:50  Pylon  
  52  4:51  Stalker  
  54  4:59  Forge  
  54  5:00  Probe x2, Observer (Chrono Boost)  
  54  5:06  Stalker x2  
  61  5:08  Pylon  
  61  5:12  Probe x2  
  63  5:15  Observer (Chrono Boost)  
  64  5:27  Stalker  
  66  5:29  Stalker x2  
  66  5:30  Probe x2  
  66  5:33  Probe  
  73  5:51  Zealot  
  73  5:53  Zealot x2  
  77  5:57  Probe x3  
  76  6:09  Probe x3  
  77  6:13  Gateway  
  77  6:14  Gateway, Stalker x3  
  77  6:16  Observer  
  84  6:18  Gateway  
  84  6:20  Pylon  
Show
View Real Time Build Order
Export as new Build Order

INnoVation Terran 

Build Orders: Reaper Expand 

Get SALT Encoding   

  12  0:00  SCV  
  13  0:12  SCV  
  14  0:17  Supply Depot  
  14  0:24  SCV  
  15  0:38  SCV  
  15  0:40  Barracks  
  15  0:42  Refinery  
  16  0:50  SCV  
  17  1:03  SCV  
  18  1:15  SCV  
  19  1:27  Reaper, Orbital Command  
  20  1:44  Command Center  
  20  1:52  SCV, Supply Depot  
  21  1:59  Marine  
  22  2:05  SCV  
  22  2:08  Factory  
  23  2:12  Refinery  
  23  2:17  SCV  
  23  2:19  Barracks Reactor  
  24  2:24  Bunker  
  24  2:29  SCV  
  25  2:41  SCV  
  26  2:53  SCV  
  26  2:56  Orbital Command  
  26  2:57  Factory Tech Lab  
  27  2:59  Starport  
  27  3:01  Marine x2  
  27  3:05  SCV  
  29  3:16  Cyclone  
  29  3:18  SCV  
  29  3:19  Marine x2  
  35  3:23  SCV  
  33  3:37  Marine x2  
  33  3:41  SCV x2  
  36  3:42  Viking  
  36  3:54  SCV  
  39  3:57  Marine x2  
  39  4:00  SCV  
  39  4:06  SCV  
  39  4:09  Supply Depot  
  40  4:14  Widow Mine  
  40  4:15  Marine x2  
  44  4:18  SCV x2  
  46  4:28  Command Center  
  46  4:30  Raven  
  48  4:31  SCV  
  48  4:32  SCV  
  48  4:35  Supply Depot  
  48  4:36  Factory Tech Lab  
  48  4:37  Marine  
  48  4:38  Marine  
  52  4:43  SCV  
  52  4:44  SCV  
  54  4:46  Barracks  
  54  4:54  Supply Depot  
  54  4:55  Barracks  
  54  4:56  SCV x2  
  56  5:03  Refinery  
  56  5:04  Refinery  
  56  5:09  Marauder  
  56  5:10  SCV x2  
  60  5:17  Supply Depot  
  60  5:22  SCV x2  
  60  5:27  Engineering Bay  
  60  5:28  Engineering Bay  
  62  5:32  Marauder  
  62  5:33  Starport Reactor  
  62  5:34  SCV x2  
  62  5:35  Factory Reactor  
  63  5:46  SCV  
  63  5:47  Marine  
  63  5:48  Marine  
  63  5:50  Orbital Command  
  63  5:51  Marauder  
  63  5:53  SCV  
  63  5:54  Marauder  
  51  6:06  Marine x2  
  47  6:12  Marauder  
  47  6:15  Marauder  
  47  6:16  SCV x2  
Tags
 
Add a new tag
Caveats
  • Supply blocks, unpowered buildings, or Contaminate may cause inaccurate times.
  • Supply counts are checked every 10 seconds.